 Dungeon Crawl Stone Soup version 0.30-a0-377-g5cb311bc9f (webtiles) character file.

Game seed: 7416211592672726845

4090 flotson the Trooper (level 10, -15/79 HPs)
             Began as a Demonspawn Delver on Nov 27, 2022.
             Was an Initiate of Gozag.
             Demolished by a two-headed ogre
             ... wielding a +0 giant club
              (26 damage)
             ... on level 9 of the Dungeon.
             The game lasted 00:09:39 (6415 turns).

flotson the Trooper (Demonspawn Delver)             Turns: 6415, Time: 00:09:41

Health: -15/79     AC: 13    Str: 17    XL:     10   Next: 5%
Magic:  10/10      EV: 13    Int: 12    God:    Gozag
Gold:   1724       SH:  0    Dex: 12    Spells: 9/9 levels left

rFire   + . .      SeeInvis .    b - +3 battleaxe (freeze)
rCold   . . .      Faith    .    (shield currently unavailable)
rNeg    + + +      Spirit   .    k - +0 ring mail
rPois   +          Reflect  .    (helmet restricted)
rElec   .          Harm     .    l - +0 cloak
rCorr   .          Rampage  .    (no gloves)
Will    .....                    M - +1 pair of boots
Stlth   ++........               i - amulet of regeneration
HPRegen 1.13/turn                s - +4 ring of slaying
MPRegen 0.12/turn                y - ring of Pegeezau {rPois rF+ rN+++ AC+4 Dex-2}

@: gold aura
A: horns 2, spiny 1, demonic magic 1
a: Renounce Religion, Potion Petition, Call Merchant, Bribe Branch


You were on level 9 of the Dungeon.
You worshipped Gozag.
Gozag was most pleased with you.
You visited 1 branch of the dungeon, and saw 9 of its levels.

You collected 1822 gold pieces.
You paid 98 gold pieces to Gozag.

Inventory:

Hand Weapons
 a - a +3 spear
 b - a +3 battleaxe of freezing (weapon)
Missiles
 p - a throwing net
 q - 8 boomerangs (quivered)
 u - 2 silver javelins
 H - 8 poisoned darts
 I - 2 boomerangs of dispersal
 L - 5 javelins
Armour
 k - a +0 ring mail (worn)
 l - a +0 cloak (worn)
 M - a +1 pair of boots (worn)
Jewellery
 i - an amulet of regeneration (around neck)
 s - a +4 ring of slaying (left hand)
 v - a ring of fire
 y - the ring of Pegeezau (right hand) {rPois rF+ rN+++ AC+4 Dex-2}
   (You found it on level 2 of the Dungeon)

   [ring of protection]

   AC:        It affects your AC (+4).
   Dex:       It affects your dexterity (-2).
   rF:        It protects you from fire.
   rPois:     It protects you from poison.
   rN:        It renders you almost immune to negative energy.
 F - a ring of ice
Wands
 g - a wand of digging (3)
 J - a wand of paralysis (4)
 O - a wand of light (10)
Scrolls
 c - a scroll of fog
 d - a scroll of magic mapping
 e - 3 scrolls of fear
 f - a scroll of butterflies {unknown}
 h - 2 scrolls of immolation {unknown}
 j - 14 scrolls of identify {unknown}
 m - 3 scrolls of poison {unknown}
 n - 2 scrolls of teleportation {unknown}
 o - 2 scrolls of noise {unknown}
 r - 2 scrolls of brand weapon {unknown}
 B - 2 scrolls of amnesia {unknown}
 E - a scroll of enchant armour {unknown}
 K - a scroll of blinking {unknown}
Potions
 t - 4 potions of degeneration {unknown}
 w - 4 potions of lignification {unknown}
 x - a potion of mutation {unknown}
 z - a potion of invisibility {unknown}
 A - 6 potions of curing
 C - a potion of berserk rage {unknown}
 D - 2 potions of ambrosia {unknown}
 G - a potion of heal wounds {unknown}
 N - a potion of cancellation {unknown}


   Skills:
 + Level 7.0 Fighting
 + Level 3.3(3.9) Axes
 - Level 3.0(3.7) Polearms
 + Level 4.9 Throwing
 + Level 4.9 Armour
 + Level 6.0 Dodging
 - Level 6.0 Stealth
 + Level 5.4 Evocations


You had 9 spell levels left.
You didn't know any spells.
Your spell library contained the following spells:

 Spells                   Type           Power      Damage    Failure   Level
 Necrotise                Necr           0%         1d4       50%         1
 Blink                    Tloc           0%         N/A       65%         2
 Momentum Strike          Conj/Tloc      0%         3d8       65%         2
 Lesser Beckoning         Tloc           0%         N/A       86%         3
 Ozocubu's Armour         Ice            0%         N/A       86%         3
 Vampiric Draining        Necr           0%         2d6       86%         3
 Agony                    Necr           0%         N/A       100%        5
 Ozocubu's Refrigeration  Ice            0%         4d7       100%        7
 Borgnjor's Revivificati  Necr           0%         N/A       100%        8
 Necromutation            Tmut/Necr      0%         N/A       100%        8
 Death's Door             Necr           0%         N/A       100%        9


Dungeon Overview and Level Annotations

Branches:
Dungeon (9/15)             Temple (0/1) D:4
   Lair: D:8-11         Orc: D:9-12

Altars:
Cheibriados
Fedhas
Gozag
Nemelex Xobeh
Okawaru
Vehumet
Wu Jian
Xom

Shops:
D:5 =   D:7 :


Innate Abilities, Weirdness & Mutations

You have a pair of horns on your head.
You are partially covered in sharp spines.
Spells you cast may paralyse adjacent enemies.


Message History

The black bear claws you but does no damage.
A black bear comes into view.
The black bear bites you but does no damage.
The black bear completely misses you. The black bear barely misses you.
You feel your dexterity returning.
You hit the black bear. You freeze the black bear.
The black bear is severely wounded.
You hit the two-headed ogre but do no damage.
The two-headed ogre is struck by your spines.
The two-headed ogre barely misses you.
The two-headed ogre hits you with a +0 giant club!
The black bear bites you but does no damage.
The black bear claws you but does no damage. x2
The black bear is distracted by your dazzling golden aura.
You slash the black bear! You freeze the black bear.
You kill the black bear!
You hit the two-headed ogre. You freeze the two-headed ogre.
The two-headed ogre hits you with a +0 giant club!!
The two-headed ogre misses you.
Your Fighting skill increases to level 7!
Unknown command.
You are too injured to fight recklessly!
Unknown command.
You are too injured to fight recklessly!
Unknown command.
You are too injured to fight recklessly!
You barely miss the two-headed ogre.
The two-headed ogre is heavily wounded.
The two-headed ogre hits you but does no damage.
The two-headed ogre hits you with a +0 giant club!
* * * LOW HITPOINT WARNING * * *
You slash the two-headed ogre! You freeze the two-headed ogre!
Your headbutt misses the two-headed ogre.
The two-headed ogre is almost dead.
The two-headed ogre is struck by your spines.
The two-headed ogre hits you with a +0 giant club!
* * * LOW HITPOINT WARNING * * *
The two-headed ogre hits you with a +0 giant club!!
You die...
Your body crumbles into a pile of gold.

... #.# P..####.####
. )P.........##..
.h.P..........
..P.........#
.P.........#
...P..O$$..# #@# #.#
#.### #...#
.######'## .........#
.........# ##+#######
.........###........#
.........'.#........#


You could see a two-headed ogre and a black bear.

Vanquished Creatures
  A two-headed ogre (D:7)
  Sigmund (D:2)
  Eustachio (D:4)
  A steam dragon (D:7)
  A water moccasin (D:7)
  A sky beast (D:7)
  5 black bears
  3 centaurs
  2 kobold brigands
  3 bullfrogs
  A gnoll sergeant (D:9)
  2 necrophages
  2 scorpions
  3 wights (D:6)
  5 killer bees (D:7)
  2 howler monkeys
  3 quasits (D:8)
  5 hounds
  3 jellies (D:7)
  4 orc priests
  Ijyb (D:3)
  A gnoll bouda (D:7)
  Terence (D:3)
  3 orc wizards
  Robin (D:3)
  15 gnolls
  8 adders
  9 shadow imps
  3 white imps (D:8)
  11 ufetubi (D:8)
  6 dart slugs
  28 orcs
  3 endoplasms
  3 giant cockroaches
  6 hobgoblins
  6 jackals
  12 kobolds
  3 quokkas (D:1)
  7 ball pythons
  2 bats (D:2)
  3 frilled lizards
  15 goblins
  3 rats
199 creatures vanquished.

Vanquished Creatures (others)
  A demonic plant (D:8)
  21 fungi (D:9)
  13 plants (D:9)
35 creatures vanquished.

Grand Total: 234 creatures vanquished

Notes
Turn   | Place    | Note
-------+----------+-------------------------------------------
     0 | D:5      | flotson the Demonspawn Delver began the quest for the Orb.
     0 | D:5      | Reached XP level 1. HP: 18/18 MP: 1/1
    48 | D:5      | Noticed a hound
    72 | D:5      | Killed a hound
    73 | D:5      | Gained mutation: Spells you cast may paralyse adjacent
                  | enemies. [demonic ancestry]
    73 | D:5      | Reached XP level 2. HP: 8/24 MP: 2/2
    73 | D:5      | Gained mutation: You are partially covered in sharp spines.
                  | [demonic ancestry]
    73 | D:5      | Reached XP level 3. HP: 9/29 MP: 3/3
   181 | D:5      | Found Enanugo's Jewellery Emporium.
   198 | D:5      | Reached skill level 5 in Stealth
   198 | D:5      | Gained mutation: You have a pair of small horns on your
                  | head. [demonic ancestry]
   198 | D:5      | Reached XP level 4. HP: 9/37 MP: 4/4
   292 | D:5      | Found a radiant altar of Vehumet.
   337 | D:5      | Reached XP level 5. HP: 14/42 MP: 5/5
   483 | D:5      | Noticed a black bear
   838 | D:2      | Found an ornate altar of the Wu Jian Council.
  1495 | D:1      | Reached skill level 4 in Fighting
  1738 | D:2      | Noticed Sigmund
  2183 | D:3      | Noticed Robin
  2193 | D:3      | Noticed Ijyb
  2195 | D:3      | Killed Robin
  2222 | D:3      | Killed Ijyb
  2223 | D:3      | Reached XP level 6. HP: 48/48 MP: 6/6
  2241 | D:3      | Noticed Terence
  2249 | D:3      | Killed Terence
  2261 | D:3      | Found an opulent altar of Gozag.
  2261 | D:3      | Found a blossoming altar of Fedhas.
  2266 | D:3      | Became a worshipper of Gozag Ym Sagoz the Greedy
  2293 | D:3      | Found a sparkling altar of Nemelex Xobeh.
  2537 | D:2      | Found a faded altar of an unknown god.
  2710 | D:2      | Killed Sigmund
  2711 | D:2      | Reached skill level 1 in Throwing
  2711 | D:2      | Reached skill level 1 in Armour
  2711 | D:2      | Reached skill level 1 in Evocations
  2735 | D:2      | Identified the ring of Pegeezau {rPois rF+ rN+++ AC+4
                  | Dex-2}
  2885 | D:4      | Found a staircase to the Ecumenical Temple.
  2911 | D:4      | Gained mutation: You have a pair of horns on your head.
                  | [demonic ancestry]
  2911 | D:4      | Reached XP level 7. HP: 55/55 MP: 7/7
  2926 | D:4      | Noticed Eustachio
  2939 | D:4      | Killed Eustachio
  3978 | D:5      | Reached skill level 5 in Fighting
  3991 | D:5      | Reached XP level 8. HP: 60/62 MP: 8/8
  4052 | D:5      | Found an iron altar of Okawaru.
  4698 | D:6      | Found a shimmering altar of Xom.
  5074 | D:7      | Reached skill level 1 in Axes
  5156 | D:7      | Reached skill level 5 in Dodging
  5185 | D:7      | Reached XP level 9. HP: 67/69 MP: 9/9
  5189 | D:7      | Reached skill level 6 in Fighting
  5368 | D:7      | Noticed a two-headed ogre
  5375 | D:7      | Killed a two-headed ogre
  5527 | D:7      | Reached skill level 5 in Evocations
  5666 | D:7      | Found Ucei's Book Shoppe.
  5943 | D:8      | Found a snail-covered altar of Cheibriados.
  6365 | D:9      | Reached XP level 10. HP: 71/77 MP: 10/10
  6407 | D:9      | Noticed a two-headed ogre
  6414 | D:9      | Reached skill level 7 in Fighting
  6415 | D:9      | Demolished by a two-headed ogre

Illustrated notes

Levels and vault maps discovered:
D:1:      lemuel_arrival_tunnels, layout_loops_ring
D:2:      layout_basic, basic_altar, basic_ecumenical_altar, uniq_sigmund
D:3:      layout_rooms, grunt_temple_overflow_cloverleaf, uniq_terence,
          uniq_ijyb, uniq_robin
D:4:      layout_layer_cave, minmay_temple_entry_large_hall, uniq_eustachio
D:5:      layout_rooms, okawaru_gym_becter, mainiacjoe_overflow_paths,
          nicolae_elyvilon_peaceful_grove, serial_shops,
          nicolae_shop_statue_plus, nicolae_wormholes
D:6:      layout_loops_ring, lemuel_doored_altar, item_on_display_a
D:7:      minmay_polygon_palace, layout_basic, serial_shops,
          kennysheep_mini_moat
D:8:      layout_cave_pools, kennysheep_little_box, serial_demonic,
          serial_demonic_d, serial_demonic_a, serial_demonic_d,
          serial_demonic_f, serial_demonic_b, serial_demonic_f,
          serial_demonic_a, serial_demonic_d, kennysheep_generic_room_12
D:9:      layout_roguey, due_lair_maze_entry_diamond, orc_0_dummy,
          minmay_radiant

Skill      XL: |  1  2  3  4  5  6  7  8  9 10 |
---------------+-------------------------------+-----
Polearms       | 2 3 |  3.0
Dodging        | 2 3 4 5 6 |  6.0
Stealth        | 5 6 |  6.0
Fighting       | 4 5 6 7 |  7.0
Throwing       | 1 2 3 4 |  4.9
Armour         | 1 2 3 4 |  4.9
Evocations     | 1 2 4 5 |  5.4
Axes           | 1 3 |  3.3

Action                   |  1- 3 |  4- 6 |  7- 9 | 10-12 || total
-------------------------+-------+-------+-------+-------++-------
Melee: Spear             |    28 |   154 |    97 |       ||   279
       Headbutt          |       |    23 |    36 |       ||    59
       Unarmed           |       |     7 |       |       ||     7
       Battleaxe         |       |       |   124 |     8 ||   132
  Use: Potion            |     1 |     1 |       |       ||     2
       Scroll            |       |     1 |       |       ||     1
 Stab: Sleeping          |       |    10 |     4 |       ||    14
       Confused          |       |     3 |       |       ||     3
       Distracted        |       |     1 |     2 |       ||     3
Armor: Leather armour    |     9 |     3 |       |       ||    12
       Ring mail         |       |    21 |   108 |    10 ||   139
       Skin              |       |     1 |       |       ||     1
Dodge: Dodged            |    26 |    69 |   177 |    12 ||   284

Table legend: (Time is in decaauts)
 A = Elapsed time spent in this place.
 B = Non-inter-level travel time spent in this place.
 C = Inter-level travel time spent in this place.
 D = Time resting spent in this place.
 E = Time spent auto-exploring this place.
 F = Levels seen in this place.
 G = Mean time per level.
                   A        B        C        D        E       F      G
               +--------+--------+--------+--------+--------+-----+--------+
         Total |   6460 |   6119 |    341 |     39 |   4893 |   9 |  717.8 |
       Dungeon |   6460 |   6119 |    341 |     39 |   4893 |   9 |  717.8 |
               +--------+--------+--------+--------+--------+-----+--------+

Top non-repeatable levels by time:
     D:4: 1121 daAuts
     D:2: 1070 daAuts
     D:7: 857 daAuts
     D:5: 798 daAuts
     D:1: 752 daAuts
     D:6: 685 daAuts
     D:8: 629 daAuts
     D:3: 487 daAuts
     D:9: 59 daAuts
